 Dungeon Crawl Stone Soup version 0.23-a0-650-ga4d50d4 (console) character file.

26826 Duffy the Thaumaturge (level 13, 103/103 HPs)
             Began as a Demonspawn Fire Elementalist on Jan 6, 2019.
             Was a Priest of Vehumet.
             Quit the game on level 3 of the Lair of Beasts.
             The game lasted 00:30:20 (20322 turns).

Duffy the Thaumaturge (DsFE)                       Turns: 20322, Time: 00:30:21

Health: 103/103    AC:  5    Str:  9    XL:     13   Next: 1%
Magic:  14/27      EV: 18    Int: 24    God:    Vehumet [***...]
Gold:   607        SH:  6    Dex: 14    Spells: 20/33 levels left

rFire    + . .     SeeInvis +   M - +4 spear
rCold    + . .     Gourm    .   (no shield)
rNeg     . . .     Faith    .   L - +2 robe {rC+}
rPois    .         Spirit   .   d - +0 hat {Int+3}
rElec    .         Reflect  .   V - scarf {cloud immunity}
rCorr    .         Harm     .   H - +0 pair of gloves
MR       .....                  (boots unavailable)
Stlth    +++.......             (no amulet)
HPRegen  0.27/turn              X - ring of protection from fire
MPRegen  0.20/turn              y - ring of see invisible

@: no status effects
A: hooves 3, large bone plates 2, nightstalker 2, rot immunity
a: Renounce Religion


You were on level 3 of the Lair of Beasts.
You worshipped Vehumet.
Vehumet was most pleased with you.
You were not hungry.

You visited 3 branches of the dungeon, and saw 14 of its levels.
You also visited: Ossuary.

You collected 943 gold pieces.
You spent 336 gold pieces at shops.

Inventory:

Hand Weapons
 J - a +1 dagger of distortion
 M - a +4 spear (weapon)
Armour
 d - a +0 hat of intelligence (worn)
 e - a +0 cloak
 n - a +2 shield of cold resistance
 H - a +0 pair of gloves (worn)
 L - a +2 robe of cold resistance (worn)
 V - a scarf of cloud immunity (worn)
Magical Staves
 o - an uncursed staff of death
Jewellery
 y - a ring of see invisible (right hand)
 X - a ring of protection from fire (left hand)
Wands
 u - a wand of flame (17)
 z - a wand of random effects (14)
 F - a wand of iceblast (7)
 N - a wand of enslavement (8)
 S - a wand of paralysis (10)
 U - a wand of acid (13)
Scrolls
 a - a scroll of magic mapping {unknown}
 b - a scroll of blinking
 f - 2 scrolls of fog
 l - 3 scrolls of fear {unknown}
 m - 2 scrolls of enchant armour {unknown}
 p - 9 scrolls of remove curse
 r - 2 scrolls of enchant weapon {unknown}
 s - 4 scrolls of teleportation
 w - a scroll of amnesia {unknown}
 A - 3 scrolls of vulnerability
 I - a scroll of random uselessness {unknown}
 R - a scroll of holy word {unknown}
 T - a scroll of immolation {unknown}
Potions
 h - 5 potions of agility
 j - 3 potions of cancellation
 k - 2 potions of haste
 q - 7 potions of heal wounds
 t - 11 potions of curing
 v - 3 potions of mutation
 x - a potion of invisibility
 B - 2 potions of brilliance
 C - 2 potions of flight
 D - a potion of resistance
 E - 3 potions of magic
 G - 3 potions of ambrosia
 Q - a potion of lignification
 W - 2 potions of might
Miscellaneous
 O - a lamp of fire
Comestibles
 c - 19 rations
 g - 3 chunks of flesh


   Skills:
 - Level 10.0 Fighting
 - Level 9.0 Dodging
 - Level 1.7 Stealth
 + Level 10.7 Spellcasting
 + Level 8.3 Conjurations
 + Level 8.3 Fire Magic
 - Level 6.0 Evocations


You had 20 spell levels left.
You knew the following spells:

 Your Spells              Type           Power        Failure   Level  Hunger
h - Flame Tongue          Conj/Fire      #####        1%          1    None
j - Sticky Flame          Conj/Fire      ######..     1%          4    None
k - Fireball              Conj/Fire      ######....   1%          5    ####...
l - Conjure Flame         Conj/Fire      ######..     1%          3    None

Your spell library contained the following spells:

 Spells                   Type           Power        Failure   Level  Hunger
 Force Lance              Conj/Tloc      ####....     2%          4    None
 Throw Flame              Conj/Fire      ######       1%          2    None
 Inner Flame              Hex/Fire       ####....     1%          3    None


Dungeon Overview and Level Annotations

Branches:
Dungeon (10/15)            Temple (1/1) D:4            Lair (3/6) D:9
  Snake (0/4) Lair:2
  Swamp: Lair:2-4    Shoals: Lair:2-4       Orc: D:9-12

Altars:
Ashenzari
Cheibriados
Dithmenos
Elyvilon
Fedhas
Gozag
Hepliaklqana
Kikubaaqudgha
Makhleb
Nemelex Xobeh
Okawaru
Qazlal
Ru
Sif Muna
Trog
Uskayaw
Vehumet
Wu Jian
Xom
Yredelemnul
Zin
The Shining One

Shops:
D:10 !


Innate Abilities, Weirdness & Mutations

You have hooves in place of feet.
You are mostly covered in large bone plates. (SH +6)
You are significantly more attuned to the shadows.
You are immune to rotting.


Message History

Press: ? - help, Shift-Dir - straight line, f/p - spiny frog
Aim: a spiny frog (flame, heavily wounded, covered in liquid flames)
The flame tongue hits the spiny frog.
The spiny frog is heavily wounded.
The spiny frog burns!
The spiny frog is engulfed in blazing flames.
The spiny frog misses you.
Casting: Flame Tongue (safe; 1% risk of failure)
Confirm with . or Enter, or press ? or * to list all spells.
Aiming: Flame Tongue (safe; 1% risk of failure)
Press: ? - help, Shift-Dir - straight line, f/p - spiny frog
Aim: a spiny frog (flame, almost dead, covered in liquid flames)
The flame tongue hits the spiny frog.
You kill the spiny frog!
Vehumet accepts your kill.
Vehumet offers you knowledge of Force Lance.
You have reached level 13!
Your demonic ancestry asserts itself...
You feel immune to rotting.
Are you sure you want to abandon this character and quit the game? (Confirm

##.####.#.# #########
........... ..........
........................
........#.##.............
.......0.................
.......@..........P......
......#...........+......
.........%..P.###.#......
.........<..%............
.#.#+#............##..###
#......#.......[.##### #
.......##..(....### #
....#...#.........######
#.....#%##......###P.#.#


There were no monsters in sight!

Vanquished Creatures
  Gastronok (Lair:3)
  Josephine (D:10)
  3 hydras
  3 two-headed ogres (D:10)
  Pikel (D:5)
  3 black mambas
  6 elephants
  Joseph (D:9)
  4 spiny frogs
  A rime drake (Lair:2)
  7 blink frogs
  3 hippogriffs
  Prince Ribbit (D:9)
  3 wraiths
  Sigmund (D:3)
  2 wyverns (Lair:3)
  3 yaks (Lair:2)
  A hungry ghost (D:7)
  Grum (D:8)
  A soldier ant (D:10)
  4 water moccasins
  9 porcupines
  A slave (D:5)
  3 sky beasts
  An ice beast (D:9)
  3 phantoms
  An orc warrior (D:9)
  3 black bears (D:9)
  An eye of draining (D:9)
  3 centaurs
  An ogre (D:9)
  9 wolves
  6 crocodiles
  A big kobold (D:8)
  8 bullfrogs
  A water moccasin zombie (D:9)
  A wyvern skeleton (D:8)
  3 scorpions
  A water moccasin skeleton (D:6)
  5 killer bees (D:9)
  3 wights (D:10)
  2 crimson imps (D:5)
  A quasit (D:6)
  3 orc priests
  2 orc wizards
  A centaur skeleton (D:8)
  2 hounds
  3 jellies
  Jessica (D:2)
  A bullfrog skeleton (D:8)
  Natasha (thrice) (D:2)
  5 iguanas
  8 worker ants
  A big kobold zombie (Ossuary)
  A hound skeleton (D:5)
  9 mummies
  A worker ant zombie (D:5)
  The ghost of Amnesiac the Digger, a weakling FeEE (D:5)
  Robin (D:2)
  3 gnolls (D:7)
  9 adders
  2 shadow imps (D:7)
  2 oozes
  An adder skeleton (D:5)
  2 adder zombies
  2 worms
  3 dart slugs
  10 leopard geckos
  21 orcs
  A ball python (D:1)
  2 giant cockroaches
  A gnoll zombie (Ossuary)
  6 hobgoblins
  A quokka (D:2)
  7 bats
  3 frilled lizards
  15 goblins
  2 hobgoblin zombies
  9 kobolds
  2 kobold zombies (Ossuary)
  4 orc zombies
  A quokka skeleton (D:6)
  3 rats
273 creatures vanquished.

Notes
Turn   | Place    | Note
-------+----------+-------------------------------------------
     0 | D:1      | Duffy the Demonspawn Fire Elementalist began the quest for
                  | the Orb.
     0 | D:1      | Reached XP level 1. HP: 13/13 MP: 3/3
   876 | D:1      | Gained mutation: You are partially covered in large bone
                  | plates. (SH +4) [demonic ancestry]
   876 | D:1      | Reached XP level 2. HP: 13/19 MP: 0/5
  1754 | D:2      | Noticed Natasha
  1930 | D:2      | Noticed Jessica
  1934 | D:2      | Killed Jessica
  1934 | D:2      | Reached XP level 3. HP: 24/24 MP: 4/7
  2348 | D:3      | HP: 1/24 [poisoned by an adder]
  2683 | D:3      | Noticed Sigmund
  2688 | D:3      | Killed Sigmund
  2688 | D:3      | Gained mutation: You have large cloven feet. [demonic
                  | ancestry]
  2688 | D:3      | Reached XP level 4. HP: 4/30 MP: 4/9
  2688 | D:3      | Gained mutation: You are slightly more attuned to the
                  | shadows. [demonic ancestry]
  2688 | D:3      | Reached XP level 5. HP: 4/35 MP: 4/10
  3306 | D:4      | Noticed a crocodile
  3888 | D:4      | Found a glowing silver altar of Zin.
  4085 | D:5      | Entered Level 5 of the Dungeon
  4089 | D:5      | Reached XP level 6. HP: 41/41 MP: 7/11
  4095 | D:5      | Learned a level 3 spell: Conjure Flame
  4100 | D:5      | Learned a level 4 spell: Sticky Flame
  4415 | D:5      | Noticed a sky beast
  4418 | D:5      | Noticed Amnesiac's ghost (weakling FeEE)
  4480 | D:5      | Noticed a slave
  4496 | D:5      | Killed a slave
  4538 | D:5      | Noticed Pikel
  4538 | D:5      | Noticed a slave
  4538 | D:5      | Noticed a slave
  4549 | D:5      | Killed Pikel
  4549 | D:5      | Reached skill level 5 in Conjurations
  4549 | D:5      | Reached skill level 5 in Fire Magic
  4549 | D:5      | Gained mutation: You have hoof-like feet. [demonic
                  | ancestry]
  4549 | D:5      | Reached XP level 7. HP: 46/46 MP: 4/12
  4677 | D:5      | Found a runed gate.
  4677 | D:5      | Found a runed gate.
  4677 | D:5      | Found a runed gate.
  4810 | D:5      | Reached skill level 1 in Fighting
  4865 | D:5      | Found a sacrificial altar of Ru.
  5562 | D:6      | Found a sand-covered staircase.
  5650 | Ossuary  | Entered an ossuary
  5821 | Ossuary  | Reached skill level 1 in Evocations
  6232 | D:6      | Gained mutation: You are mostly covered in large bone
                  | plates. (SH +6) [demonic ancestry]
  6232 | D:6      | Reached XP level 8. HP: 58/58 MP: 8/13
  7558 | D:4      | Reached skill level 5 in Fighting
  7900 | D:4      | Found a staircase to the Ecumenical Temple.
  7907 | Temple   | Entered the Ecumenical Temple
  7964 | Temple   | Became a worshipper of Vehumet
  8405 | D:2      | Learned a level 5 spell: Fireball
  8492 | D:2      | Found a basalt altar of Yredelemnul.
  8560 | D:2      | Killed Natasha
  8737 | D:2      | Noticed Robin
  8741 | D:2      | Killed Robin
  9085 | D:2      | Noticed Natasha
  9089 | D:2      | Killed Natasha
  9115 | D:2      | Reached * piety under Vehumet
  9115 | D:2      | Offered knowledge of Shock by Vehumet.
  9213 | D:2      | Noticed Natasha
  9218 | D:2      | Killed Natasha
  9859 | D:7      | Found a shattered altar of Ashenzari.
 10022 | D:7      | Gained mutation: You are significantly more attuned to the
                  | shadows. [demonic ancestry]
 10022 | D:7      | Reached XP level 9. HP: 68/68 MP: 12/14
 10728 | D:7      | Found a deep blue altar of Sif Muna.
 10914 | D:8      | Noticed Grum
 11277 | D:8      | Reached skill level 5 in Spellcasting
 11398 | D:8      | Killed Grum
 11646 | D:8      | Reached ** piety under Vehumet
 11646 | D:8      | Offered knowledge of Throw Frost by Vehumet.
 11880 | D:8      | Noticed a six-headed hydra
 12230 | D:9      | Reached XP level 10. HP: 62/77 MP: 12/17
 12442 | D:9      | Reached skill level 5 in Dodging
 12631 | D:9      | Found a staircase to the Lair.
 12815 | D:9      | Noticed Prince Ribbit
 12825 | D:9      | Killed Prince Ribbit
 13024 | D:9      | Found a shimmering altar of Xom.
 13120 | D:9      | Found a sacrificial altar of Ru.
 13120 | D:9      | Found a basalt altar of Yredelemnul.
 13140 | D:9      | Found a shadowy altar of Dithmenos.
 13343 | D:9      | Reached skill level 10 in Spellcasting
 13343 | D:9      | Gained mutation: You have hooves in place of feet. [demonic
                  | ancestry]
 13343 | D:9      | Reached XP level 11. HP: 85/85 MP: 17/25
 13415 | D:9      | Noticed Joseph
 13446 | D:9      | Killed Joseph
 13648 | D:9      | Offered knowledge of Ignite Poison by Vehumet.
 13852 | D:10     | Entered Level 10 of the Dungeon
 13852 | D:10     | Noticed Josephine
 14029 | D:10     | Noticed a two-headed ogre
 14055 | D:10     | Killed a two-headed ogre
 14306 | D:10     | Reached *** piety under Vehumet
 14461 | D:10     | Killed Josephine
 14461 | D:10     | Reached skill level 5 in Evocations
 14843 | D:10     | Noticed a two-headed ogre
 14848 | D:10     | Noticed a two-headed ogre
 14858 | D:10     | Killed a two-headed ogre
 14862 | D:10     | Killed a two-headed ogre
 14933 | D:10     | Found Amiusefu's Distillery.
 15005 | D:10     | Bought a potion of cancellation for 112 gold pieces
 15005 | D:10     | Bought a potion of lignification for 42 gold pieces
 15005 | D:10     | Bought a potion of ambrosia for 112 gold pieces
 15005 | D:10     | Bought a potion of heal wounds for 70 gold pieces
 15354 | D:8      | Killed a six-headed hydra
 15354 | D:8      | Reached XP level 12. HP: 86/95 MP: 13/26
 15765 | D:5      | Killed Amnesiac's ghost
 15926 | Lair:1   | Entered Level 1 of the Lair of Beasts
 16257 | Lair:1   | You fall through a shaft!
 16260 | Lair:2   | Found a staircase to the Snake Pit.
 17920 | Lair:2   | Reached skill level 10 in Fighting
 18410 | Lair:2   | Noticed an eight-headed hydra
 18427 | Lair:2   | Killed an eight-headed hydra
 19474 | Lair:3   | Noticed a five-headed hydra
 19494 | Lair:3   | Killed a five-headed hydra
 19557 | Lair:3   | Noticed Gastronok
 19579 | Lair:3   | Killed Gastronok
 20321 | Lair:3   | Offered knowledge of Force Lance by Vehumet.
 20321 | Lair:3   | Gained mutation: You are immune to rotting. [demonic
                  | ancestry]
 20321 | Lair:3   | Reached XP level 13. HP: 103/103 MP: 14/27
 20322 | Lair:3   | Quit the game

Vault maps used:
D:1:      nzn_arrival_depleted_hourglass
D:2:      yredelemnul_altar_generic, uniq_jessica, uniq_robin, uniq_natasha
D:3:      uniq_sigmund
D:4:      zin_statuary, temple_green
D:5:      gammafunk_ghost_split, first_ration, lemuel_tele_altar, uniq_pikel
D:6:      nicolae_ossuary_entry_giza
D:7:      led_sif_pool, evilmike_ruin_ashenzari, serial_park_tiny_2
D:8:      uniq_grum
D:9:      xom_teletrap_fun, nicolae_dithmenos_shadow_blocks,
          chequers_temple_overflow_statue_of_worship, minmay_lair_entry_grove,
          serial_park_tiny_pond, uniq_prince_ribbit1, uniq_joseph
D:10:     serial_shops, nicolae_shop_temple_entry_statues_fountains,
          uniq_josephine
Temple:   eino_wide_crystal_templ
Lair:1:   grunt_megastairs_1, infiniplex_staircase_pool_2
Lair:2:   dummy_snake_entry
Lair:3:   beast_lair_carwin_8, serial_bayou_shore_b, grunt_megastairs_2,
          infiniplex_staircase_pool, uniq_gastronok
Ossuary:  ossuary_tomb_3

Skill      XL: |  1  2  3  4  5  6  7  8  9 10 11 12 |
---------------+-------------------------------------+-----
Fire Magic     | 3 4 5 7 8 |  8.3
Conjurations   | 2 3 5 7 8 |  8.3
Spellcasting   | 3 5 10 | 10.7
Fighting       | 3 5 6 7 9 10 | 10.0
Evocations     | 1 4 5 6 |  6.0
Dodging        | 4 5 7 9 |  9.0
Stealth        | |  1.7

Action                   |  1- 3 |  4- 6 |  7- 9 | 10-12 | 13-15 || total
-------------------------+-------+-------+-------+-------+-------++-------
Melee: Club              |    26 |       |       |       |       ||    26
       Unarmed           |     3 |       |       |       |       ||     3
       Short sword       |     1 |     4 |    82 |       |       ||    87
       Kick              |       |       |    20 |     5 |       ||    25
       Dagger            |       |       |     1 |       |       ||     1
       Spear             |       |       |     6 |    25 |       ||    31
 Cast: Flame Tongue      |    55 |    42 |   299 |   272 |     1 ||   669
       Sticky Flame      |       |     3 |    18 |    80 |       ||   101
       Conjure Flame     |       |     2 |    18 |    37 |       ||    57
       Fireball          |       |       |       |     5 |       ||     5
Evoke: Wand              |       |       |       |     5 |       ||     5
       Lamp of fire      |       |       |       |     1 |       ||     1
  Use: Potion            |     3 |       |       |     1 |       ||     4
       Scroll            |       |     3 |     8 |     5 |       ||    16
 Stab: Sleeping          |     1 |       |     3 |       |       ||     4
  Eat: Chunk             |     6 |       |    24 |    19 |       ||    49
       Ration            |       |     2 |     1 |     3 |       ||     6
Armor: Robe              |     8 |     3 |    23 |    25 |       ||    59
       Animal skin       |       |       |     4 |       |       ||     4
Dodge: Dodged            |    44 |    14 |   106 |   130 |       ||   294
Block: Other             |     5 |     1 |    46 |    56 |       ||   108

Table legend:
 A = Non-vault XP
 B = Vault XP
 C = Vault XP percentage of total XP
 D = Non-vault monster count
 E = Vault monster count
 F = Vault count percentage of total count
                 A         B        C        D         E       F
            +---------+---------+-------+---------+---------+-------
      Total |   21801 |    8863 |  28.9 |     203 |      69 |  25.4
            +---------+---------+-------+---------+---------+-------
        D:1 |      33 |       0 |   0.0 |      17 |       0 |   0.0
        D:2 |     127 |     105 |  45.3 |      23 |      13 |  36.1
        D:3 |      37 |     212 |  85.1 |       7 |       1 |  12.5
        D:4 |     303 |       0 |   0.0 |      12 |       0 |   0.0
        D:5 |     364 |     797 |  68.6 |      16 |       5 |  23.8
        D:6 |     428 |      20 |   4.5 |      15 |       3 |  16.7
        D:7 |     890 |       0 |   0.0 |      18 |       0 |   0.0
        D:8 |    1873 |     682 |  26.7 |      18 |       5 |  21.7
        D:9 |    1572 |    2250 |  58.9 |      20 |      15 |  42.9
       D:10 |    3373 |    1486 |  30.6 |      15 |       3 |  16.7
     Lair:1 |    3574 |     290 |   7.5 |      12 |       2 |  14.3
     Lair:2 |    5668 |       0 |   0.0 |      17 |       0 |   0.0
     Lair:3 |    3559 |    2839 |  44.4 |      13 |       6 |  31.6
    Ossuary |       0 |     182 | 100.0 |       0 |      16 | 100.0
            +---------+---------+-------+---------+---------+-------
